 Dungeon Crawl Stone Soup version bcrawl-1.37.2 (webtiles) character file.

Game seed: 16482114774489504183

198960 Coyote68 the Ruffian (level 8, -2/61 HPs)
             Began as a Green Draconian Transmuter on Oct 26, 2022.
             Slain by a howler monkey zombie (5 damage)
             ... on level 6 of the Dungeon.
             The game lasted 00:16:16 (5373 turns).

Coyote68 the Ruffian (Green Draconian Transmuter)   Turns: 5373, Time: 00:16:17

Health: -2/61      AC:  8    Str: 13    XL:     8   Next: 0%
Magic:  11/12      EV: 13    Int: 15    God:
Gold:   293        SH:  0    Dex: 12    Spells: 11/15 levels left

rFire    . . .     GDR:     24%   - Fists (10.0)
rCold    . . .     SeeInvis .   (no shield)
rNeg     . . .     Gourm    .   (armour unavailable)
rPois    +         Faith    .   (helmet restricted)
rElec    .         Spirit   .   q - +1 cloak
rCorr    .         Reflect  .   (no gloves)
MR       .....                  (boots currently unavailable)
Stlth    ++++......             (no amulet)
HPRegen  0.20/turn              b - ring of stealth
MPRegen  0.13/turn              (no ring)

@: short of breath, appendage
A: breathe noxious fumes, unfitting armour, talons 3, clever 1, low mp 1, poison
resistance, weak 1, cold-blooded, AC +6
a: Breathe Noxious Fumes, End Transformation


You were on level 6 of the Dungeon.
You were hungry.
You had grown temporary talons.
You visited 1 branch of the dungeon, and saw 6 of its levels.

You collected 293 gold pieces.

Inventory:

Hand Weapons
 m - a +0 spear of venom
Missiles
 a - 930 arrows
Armour
 q - a +1 cloak (worn)
Jewellery
 b - a ring of stealth (left hand)
Wands
 v - a wand of polymorph (13)
 w - a wand of random effects (6)
 x - a wand of iceblast (8)
Scrolls
 f - 2 scrolls of blinking
 h - 7 scrolls of remove curse
 i - 3 scrolls of identify
 j - a scroll of amnesia
 k - 3 scrolls of teleportation
 o - a scroll of torment {unknown}
 s - a scroll of enchant armour
 t - a scroll of fear
Potions
 c - 2 potions of lignification
 d - 2 potions of curing
 g - 2 potions of agility
 l - 2 potions of haste
 n - a potion of invisibility
 p - a potion of brilliance {unknown}
 r - a potion of heal wounds {unknown}
Comestibles
 e - 12 rations {!d}
 u - a chunk of flesh


   Skills:
 + Level 2.0 Fighting
 + Level 3.5 Dodging
 + Level 3.0 Stealth
 + Level 6.0 Unarmed Combat
 + Level 4.0 Spellcasting
 + Level 3.9 Transmutations
 + Level 1.9 Poison Magic


You had 11 spell levels left.
You knew the following spells:

 Your Spells              Type           Power        Failure   Level  Hunger
a - Beastly Appendage     Tmut           ###...       3%          1    None
b - Spider Form           Tmut/Pois      ##.          16%         3    ###....

Your spell library contained the following spells:

 Spells                   Type           Power        Failure   Level  Hunger
 Sticks to Snakes         Tmut           ###.....     5%          2    None
 Passwall                 Tmut/Erth      #.......     12%         2    None
 Ice Form                 Ice/Tmut       #.......     61%         4    #####..
 Blade Hands              Tmut           ###.......   67%         5    ######.


Dungeon Overview and Level Annotations

Branches:
Dungeon (6/12)             Temple (0/1) D:6

Altars:
Fedhas
Hepliaklqana
Kikubaaqudgha
Nemelex Xobeh
Qazlal
Yredelemnul
The Shining One


Innate Abilities, Weirdness & Mutations

You can breathe blasts of noxious fumes.
Your lurid green scales are hard. (AC +6)
You cannot fit into any form of body armour.
Your system is resistant to poisons. (rPois)
You are cold-blooded and may be slowed by cold attacks.
You have claws for feet.
Your mind is acute. (Int +2)
Your magical capacity is low. (-10% MP)
You are weak. (Str -2)


Message History

The iguana is engulfed in noxious fumes.
The iguana appears confused.
The iguana bites the howler monkey zombie!
You hit the centaur but do no damage. You claw the centaur.
The centaur is heavily wounded.
The centaur hits you but does no damage.
You hit the centaur.
The centaur is severely wounded.
The centaur closely misses you.
The iguana is engulfed in noxious fumes.
The iguana appears confused.
The centaur barely misses the centaur.
The howler monkey zombie barely misses you.
The centaur hits you!
* * * LOW HITPOINT WARNING * * *
You barely miss the centaur. You claw the centaur!
The centaur is almost dead.
The centaur hits you.
* * * LOW HITPOINT WARNING * * *
The howler monkey zombie hits you.
You die...

#..8.8.8#
######.###≈≈≈##
#........# ≈≈..
#.######.## ≈≈≈
#..## ≈≈ .$
##..# ≈ #..#
##.#####...#
######.†#...%#
.......r††@#
#.....###Zc#
≈≈≈≈≈≈ #..#
#.... #cl#
..... ..># ....
≈...# ...>
.≈...# ..≈...#
Zcc≈...#


You could see 2 centaurs, an iguana (confused), a howler monkey zombie and a
quokka.

Vanquished Creatures
  An orc warrior (D:6)
  2 ogres
  2 bullfrogs
  A scorpion (D:5)
  An orc priest (D:3)
  2 howler monkeys (D:5)
  A crimson imp (D:4)
  A gnoll shaman (D:3)
  A hound (D:6)
  An orc wizard (D:3)
  3 worker ants
  A hound zombie (D:6)
  2 hound skeletons (D:4)
  Robin (D:2)
  A howler monkey skeleton (D:6)
  6 adders
  An ooze (D:2)
  3 worms
  2 dart slugs (D:2)
  7 leopard geckos
  7 orcs
  6 giant cockroaches
  10 hobgoblins
  6 jackals (D:6)
  4 quokkas
  4 ball pythons
  6 bats
  5 frilled lizards
  5 goblins (D:2)
  A jackal skeleton (D:5)
  9 kobolds
  21 rats
124 creatures vanquished.

Notes
Turn   | Place    | Note
-------+----------+-------------------------------------------
     0 | D:1      | Coyote68 the Draconian Transmuter began the quest for the
                  | Orb.
     0 | D:1      | Reached XP level 1. HP: 16/16 MP: 3/3
   205 | D:1      | Reached XP level 2. HP: 22/23 MP: 3/5
   827 | D:2      | Reached XP level 3. HP: 25/28 MP: 4/6
  1228 | D:2      | Reached XP level 4. HP: 29/35 MP: 5/7
  1328 | D:2      | Identified the cursed ring of Ytybaito {rElec Stlth--}
  1423 | D:2      | Noticed Robin
  1444 | D:2      | Killed Robin
  2006 | D:3      | Gained mutation: You are weak. (Str -2) [potion of
                  | mutation]
  2006 | D:3      | Gained mutation: Your magical capacity is low. (-10% MP)
                  | [potion of mutation]
  2006 | D:3      | Gained mutation: Your mind is acute. (Int +2) [potion of
                  | mutation]
  2067 | D:3      | Reached skill level 4 in Unarmed Combat
  2081 | D:3      | Reached XP level 5. HP: 20/40 MP: 8/8
  2189 | D:3      | Learned a level 3 spell: Spider Form
  2477 | D:3      | Found a glowing golden altar of the Shining One.
  2480 | D:3      | Noticed an angel
  2487 | D:3      | Found a basalt altar of Yredelemnul.
  2489 | D:3      | Noticed a profane servitor
  2594 | D:3      | Reached skill level 1 in Stealth
  3081 | D:4      | Found a blossoming altar of Fedhas.
  3090 | D:4      | Reached XP level 6. HP: 39/47 MP: 9/9
  4068 | D:5      | Entered Level 5 of the Dungeon
  4112 | D:5      | Reached skill level 5 in Unarmed Combat
  4347 | D:5      | Your scales start taking on a lurid green colour.
  4347 | D:5      | Reached skill level 1 in Poison Magic
  4347 | D:5      | Reached XP level 7. HP: 36/52 MP: 9/10
  4347 | D:5      | Gained mutation: Your system is resistant to poisons.
                  | (rPois) [Green Draconian growth]
  4717 | D:5      | Found a hazy altar of Hepliaklqana.
  4717 | D:5      | Found a stormy altar of Qazlal.
  4717 | D:5      | Found an ancient bone altar of Kikubaaqudgha.
  4726 | D:5      | Found a sparkling altar of Nemelex Xobeh.
  5189 | D:6      | Found an ancient bone altar of Kikubaaqudgha.
  5336 | D:6      | Found a staircase to the Ecumenical Temple.
  5367 | D:6      | Reached skill level 6 in Unarmed Combat
  5367 | D:6      | Reached XP level 8. HP: 42/61 MP: 12/12
  5373 | D:6      | HP: 3/61 [centaur (4)]
  5373 | D:6      | Slain by a howler monkey zombie

Skill      XL: |  1  2  3  4  5  6  7 |
---------------+----------------------+-----
Dodging        | 2 3 |  3.5
Unarmed Combat | 4 5 6 |  6.0
Transmutations | 3 |  3.9
Stealth        | 1 2 3 |  3.0
Spellcasting   | 3 4 |  4.0
Poison Magic   | 1 |  1.9
Fighting       | 2 |  2.0

Action                   |  1- 3 |  4- 6 |  7- 9 || total
-------------------------+-------+-------+-------++-------
Melee: Unarmed           |    88 |   216 |    77 ||   381
       Kick              |     5 |    14 |     6 ||    25
       Tailslap          |     9 |    14 |     3 ||    26
       Headbutt          |     7 |    10 |     1 ||    18
       Punch             |       |     2 |     1 ||     3
 Cast: Beastly Appendage |    26 |    28 |     6 ||    60
       Spider Form       |       |     5 |     5 ||    10
 Abil: Breathe Noxious F |       |       |     4 ||     4
  Use: Scroll            |     1 |    11 |       ||    12
       Potion            |       |     1 |       ||     1
 Stab: Sleeping          |       |     9 |     1 ||    10
       Confused          |       |       |     1 ||     1
  Eat: Chunk             |     4 |    16 |     7 ||    27
Armor: Skin              |    31 |    51 |    17 ||    99
Dodge: Dodged            |    66 |   123 |    61 ||   250
